 Dungeon Crawl Stone Soup version 0.21-a0-538-gd16b88a (webtiles) character file.

37 slep the Chopper (level 3, -2/27 HPs)
             Began as a Demonspawn Gladiator on Dec 16, 2017.
             Killed from afar by Natasha (8 damage)
             ... with a magic dart
             ... on level 2 of the Dungeon.
             The game lasted 00:02:02 (1011 turns).

slep the Chopper (Demonspawn Gladiator)             Turns: 1011, Time: 00:02:05

Health: -2/27      AC:  5    Str: 14    XL:     3   Next: 21%
Magic:  3/3        EV: 13    Int:  9    God:
Gold:   54         SH:  0    Dex: 15    Spells: 2/2 levels left

rFire    . . .     SeeInvis .   a - +0 war axe
rCold    . . .     Gourm    .   (no shield)
rNeg     + . .     Faith    .   b - +0 leather armour
rPois    .         Spirit   .   c - +0 helmet
rElec    .         Reflect  .   (no cloak)
rCorr    .         Harm     .   h - +0 pair of gloves
MR       .....                  (no boots)
Stlth    +.........             (no amulet)
HPRegen  0.09/turn              j - ring of positive energy
MPRegen  0.08/turn              (no ring)

@: slowed, very slow
A: powered by pain 1
a: no special abilities


You were on level 2 of the Dungeon.
You were not hungry.

You visited 1 branch of the dungeon, and saw 2 of its levels.

You collected 54 gold pieces.

Inventory:

Hand Weapons
 a - a +0 war axe (weapon)
Missiles
 d - 3 throwing nets (quivered)
Armour
 b - a +0 leather armour (worn)
 c - a +0 helmet (worn)
 h - a +0 pair of gloves (worn)
Jewellery
 j - a ring of positive energy (left hand)
Scrolls
 i - a scroll of amnesia {unknown}
Potions
 e - 2 potions of flight {unknown}
 g - a potion of heal wounds {unknown}
 k - a potion of magic {unknown}
Comestibles
 f - 2 bread rations


   Skills:
 + Level 2.0 Fighting
 + Level 3.4 Axes
 + Level 1.9 Throwing
 + Level 0.8 Armour
 + Level 3.0 Dodging


You had 2 spell levels left.
You didn't know any spells.

Dungeon Overview and Level Annotations

Branches:
Dungeon (2/15)

Altars:

Annotations:
D:2 Natasha


Innate Abilities, Weirdness & Mutations

You sometimes gain a little power by taking damage.


Message History

a club; a leopard gecko corpse
Found a stone staircase leading up.
Found 8 stones.
Natasha, Servant of Life and Death comes into view.
Natasha hisses angrily.
Natasha casts a spell.
Natasha stares at you and mumbles some strange words.
You feel yourself slow down.
Your leather armour prevents you from hitting Natasha.
Natasha claws you.
The crimson imp blinks!
Natasha closely misses you.
The crimson imp blinks!
You hit Natasha but do no damage. Natasha claws you.
Natasha closely misses you.
You hit Natasha.
Natasha is moderately wounded.
Natasha claws you!
* * * LOW HITPOINT WARNING * * *
Natasha casts a spell at you. The magic dart hits you!
You die...

######## #######
#......#######..... #
#.........(..#... .#
#.####..####.#<###..##
#.##............@h5..#
#.##.#..####.#.###...#
#.##.#)......#.# ..#
#....)†.######.. ...
####.#### #### ###
####.########
#...........#
#.##.#..###.#######
#.##.#..###.......#


You could see Natasha and a crimson imp.

Vanquished Creatures
  3 dart slugs (D:1)
  A leopard gecko (D:2)
  3 giant cockroaches
  4 goblins
  4 hobgoblins
  2 jackals (D:2)
  2 bats
  2 frilled lizards (D:2)
  3 kobolds
  4 rats
28 creatures vanquished.

Notes
Turn   | Place    | Note
-------+----------+-------------------------------------------
     0 | D:1      | slep the Demonspawn Gladiator began the quest for the Orb.
     0 | D:1      | Reached XP level 1. HP: 16/16 MP: 1/1
   158 | D:1      | Gained mutation: You sometimes gain a little power by taking damage. [demonic ancestry]
   158 | D:1      | Reached XP level 2. HP: 22/22 MP: 2/2
   928 | D:2      | Reached XP level 3. HP: 23/27 MP: 3/3
  1004 | D:2      | Noticed Natasha
  1011 | D:2      | Killed from afar by Natasha

Vault maps used:
D:1:      lightli_arrival_noodles, minmay_misc_feat_square
D:2:      nemelex_xobeh_ov_fountains_minmay, uniq_natasha

Skill      XL: |  1  2 |
---------------+-------+-----
Axes           | 3 |  3.4
Dodging        | 3 |  3.0
Fighting       | |  2.0
Throwing       | |  1.9
Armour         | |  0.8

Action                   || total
-------------------------++-------
Melee: War axe           ||    63
 Stab: Sleeping          ||     1
Armor: Leather armour    ||    15
Dodge: Dodged            ||    46

Table legend:
 A = Spawn XP
 B = Non-spawn XP
 C = Spawn XP percentage of total XP
 D = Spawn monster count
 E = Non-spawn monster count
 F = Spawn count percentage of total count
 G = Total turns spent on level
                    A         B        C        D         E        F      G
               +---------+---------+-------+---------+---------+-------+---------
         Total |       0 |      53 |   0.0 |       0 |      28 |   0.0 |  1011
               +---------+---------+-------+---------+---------+-------+---------
           D:1 |       0 |      25 |   0.0 |       0 |      12 |   0.0 |   856
           D:2 |       0 |      28 |   0.0 |       0 |      16 |   0.0 |   155
               +---------+---------+-------+---------+---------+-------+---------
